 Dungeon Crawl Stone Soup version 0.26.0-10-g1f06aea511 (webtiles) character file.

Game seed: 10688508274707109506

6764 TimelessDreamer the Nimble (level 10, -2/74 HPs)
             Began as a Demonspawn Wanderer on Jan 12, 2021.
             Slain by a freezing wraith (19 damage)
             ... led by a death knight
             ... on level 9 of the Dungeon on Jan 14, 2021.
             The game lasted 01:11:34 (11573 turns).

TimelessDreamer the Nimble (Demonspawn Wanderer)   Turns: 11573, Time: 01:11:34

Health: -2/74      AC:  3    Str: 14    XL:     10   Next: 75%
Magic:  15/19      EV: 22    Int: 16    God:
Gold:   449        SH:  5    Dex: 20    Spells: 16/21 levels left

rFire    . . .     SeeInvis .   F - +2 great sword (freeze)
rCold    . . .     Faith    .   (shield currently unavailable)
rNeg     . . .     Spirit   .   d - +0 robe
rPois    .         Reflect  +   (no helmet)
rElec    .         Harm     .   (no cloak)
rCorr    .         Rampage  .   (no gloves)
Will     .....     Clarity  +   (no boots)
Stlth    +.........             D - amulet of reflection
HPRegen  0.22/turn              y - +6 ring of dexterity
MPRegen  0.16/turn              k - ring of wizardry

@: mighty
A: hooves 2, clarity, powered by death 1, powered by pain 2, strong 1,
MP-powered wands, sharp scales 1
a: no special abilities


You were on level 9 of the Dungeon.
You visited 2 branches of the dungeon, and saw 10 of its levels.

You collected 449 gold pieces.

Inventory:

Hand Weapons
 l - a +2 war axe of flaming
 p - a +2 dagger of venom
 F - a +2 great sword of freezing (weapon)
 I - a +3 dire flail
Missiles
 f - 5 boomerangs (quivered)
 g - 28 stones
 j - 26 poisoned darts
 H - 2 silver boomerangs
Armour
 d - a +0 robe (worn)
 t - a -1 cloak
Jewellery
 b - an uncursed ring of flight
 k - a ring of wizardry (right hand)
 x - an uncursed amulet of guardian spirit
 y - a +6 ring of dexterity (left hand)
 D - an amulet of reflection (around neck)
 G - an uncursed ring of wizardry
Wands
 u - a wand of random effects (35)
 w - a wand of flame (15)
 A - a wand of iceblast (4)
 B - a wand of acid (9)
Scrolls
 c - 2 scrolls of fear
 e - 5 scrolls of remove curse
 i - 2 scrolls of magic mapping
 r - 2 scrolls of enchant armour
 z - a scroll of identify
 C - 4 scrolls of teleportation
 J - a scroll of fog {unknown}
Potions
 a - 3 potions of ambrosia {unknown}
 h - 3 potions of curing
 n - 2 potions of lignification {unknown}
 o - 2 potions of invisibility {unknown}
 q - a potion of magic
 s - 2 potions of brilliance
Miscellaneous
 E - a lightning rod (inert)


   Skills:
 - Level 5.0 Fighting
 - Level 5.0 Long Blades
 - Level 1.0 Axes
 - Level 2.0 Throwing
 - Level 1.0 Armour
 + Level 11.7 Dodging
 - Level 6.0 Spellcasting
 - Level 1.0 Translocations
 - Level 2.0 Ice Magic
 - Level 2.0 Poison Magic


You had 16 spell levels left.
You knew the following spells:

 Your Spells              Type           Power        Failure   Level
a - Sting                 Tmut/Pois      32%          3%          1
b - Freeze                Ice            44%          2%          1
c - Frozen Ramparts       Ice            22%          8%          3

Your spell library contained the following spells:

 Spells                   Type           Power        Failure   Level
 Blink                    Tloc           N/A          6%          2
 Gell's Gravitas          Tloc           4%           11%         3
 Lesser Beckoning         Tloc           4%           11%         3
 Teleport Other           Tloc           8%           11%         3
 Mephitic Cloud           Conj/Pois/Air  6%           13%         3
 Confusing Touch          Hex            4%           16%         3
 Passage of Golubria      Tloc           N/A          32%         4
 Petrify                  Tmut/Erth      4%           45%         4
 Metabolic Englaciation   Hex/Ice        4%           65%         5
 Yara's Violent Unravell  Hex/Tmut       2%           80%         5


Dungeon Overview and Level Annotations

Branches:
Dungeon (9/15)             Temple (1/1) D:4
   Lair: D:8-11         Orc: D:9-12

Altars:
Ashenzari
Cheibriados
Dithmenos
Elyvilon
Fedhas
Gozag
Hepliaklqana
Kikubaaqudgha
Makhleb
Nemelex Xobeh
Okawaru
Qazlal
Ru
Sif Muna
Trog
Uskayaw
Vehumet
Wu Jian
Xom
Yredelemnul
Zin
The Shining One


Innate Abilities, Weirdness & Mutations

You have hoof-like feet.
You regenerate a little health from kills.
You sometimes gain power by taking damage.
You are partially covered in razor-sharp scales. (AC +1, Slay +1)
You possess an exceptional clarity of mind.
Your muscles are strong. (Str +2)
You expend magic power (3 MP) to strengthen your wands.


Message History

9 stones; a chain mail
There is a stone staircase leading down here.
The freezing wraith completely misses you.
You riposte.
You hit the freezing wraith but do no damage.
You kick the freezing wraith, but do no damage.
The freezing wraith is lightly damaged.
The freezing wraith completely misses you.
The wight barely misses you.
You climb downwards.
There is a stone staircase leading up here.
You feel much better. The freezing wraith hits you!
The freezing wraith freezes you!!
* * * LOW HITPOINT WARNING * * *
You focus on the pain.
You feel your power returning. You block the freezing wraith's attack.
The wight closely misses you.
You feel much better. The freezing wraith hits you!
* * * LOW HITPOINT WARNING * * *
The freezing wraith freezes you!!
You die...

.....#####.........#
.....# ########.##
###### #.# #.# #.#
###### ##.# .....###
#..# (......###
#####W## .≈≈≈≈≈...#
#...z@#
≈≈≈≈≈≈≈≈.###.#####
≈≈≈≈≈≈≈≈..##.#
≈≈≈≈≈≈≈≈≈.##.#
≈≈_≈≈≈≈≈≈.##.#
≈≈≈≈≈≈≈≈≈.##.#
≈≈≈≈≈≈≈≈..##.#
≈≈≈≈≈≈≈..###.#
≈≈≈≈≈...####.##########


You could see a freezing wraith and a wight.

Vanquished Creatures
  A hydra (D:9)
  A two-headed ogre (D:9)
  A phantasmal warrior (D:8)
  Grinder (D:6)
  The ghost of topfpfpflanze the Conjurer, an amateur DECj of Vehumet (D:6)
  5 yaks (D:9)
  Eustachio (D:6)
  Edmund (D:6)
  2 orc warriors
  An ice beast (D:6)
  An eye of draining (D:9)
  3 phantoms
  2 ogres (D:7)
  2 centaurs (D:9)
  4 bullfrogs
  Blork the orc (D:6)
  2 scorpions (D:6)
  5 killer bees (D:7)
  12 wights
  4 howler monkeys
  2 jellies
  6 hounds
  9 orc priests
  2 gnoll shamans
  5 centaur skeletons
  4 iguanas
  7 orc wizards
  4 worker ants
  A worker ant zombie (D:9)
  8 gnolls
  12 adders
  A shadow imp (D:5)
  3 white imps
  2 ufetubi
  An adder zombie (D:6)
  2 adder skeletons
  2 worms
  4 dart slugs
  An adder simulacrum (D:6)
  3 leopard geckos
  37 orcs
  12 bats
  4 giant cockroaches
  6 goblins
  11 hobgoblins
  4 jackals
  7 kobolds
  6 quokkas
  2 ball pythons
  11 frilled lizards
  A jackal skeleton (D:5)
  5 rats
236 creatures vanquished.

Vanquished Creatures (others)
  A plant (D:1)
1 creature vanquished.

Grand Total: 237 creatures vanquished

Notes
Turn   | Place    | Note
-------+----------+-------------------------------------------
     0 | D:1      | TimelessDreamer the Demonspawn Wanderer began the quest for
                  | the Orb.
     0 | D:1      | TimelessDreamer set off with the following items: a +0
                  | club, a +0 robe; and the following spells available to
                  | memorise: Sting, Freeze, Blink, Gell's Gravitas, Lesser
                  | Beckoning, Teleport Other, Mephitic Cloud, Frozen Ramparts,
                  | Passage of Golubria
     0 | D:1      | Reached XP level 1. HP: 15/15 MP: 3/3
     6 | D:1      | Learned a level 1 spell: Sting
     8 | D:1      | Learned a level 1 spell: Freeze
   360 | D:1      | Reached skill level 1 in Ice Magic
   360 | D:1      | Gained mutation: You regenerate a little health from kills.
                  | [demonic ancestry]
   360 | D:1      | Reached XP level 2. HP: 14/21 MP: 3/5
  1136 | D:1      | Gained mutation: You have large cloven feet. [demonic
                  | ancestry]
  1136 | D:1      | Reached XP level 3. HP: 24/26 MP: 6/6
  1211 | D:1      | Learned a level 3 spell: Frozen Ramparts
  2114 | D:2      | Found a hazy altar of Hepliaklqana.
  2115 | D:2      | Found a shadowy altar of Dithmenos.
  2115 | D:2      | Noticed a shadow
  2151 | D:2      | Found a burning altar of Makhleb.
  2264 | D:3      | Gained mutation: You sometimes gain a little power by
                  | taking damage. [demonic ancestry]
  2264 | D:3      | Reached XP level 4. HP: 32/32 MP: 4/8
  2602 | D:3      | Found a bloodstained altar of Trog.
  2742 | D:3      | Found a radiant altar of Vehumet.
  2742 | D:3      | Found an ornate altar of the Wu Jian Council.
  2802 | D:3      | Found a sacrificial altar of Ru.
  2803 | D:3      | Found a bloodstained altar of Trog.
  2805 | D:3      | Found an opulent altar of Gozag.
  3804 | D:4      | Gained mutation: You sometimes gain power by taking damage.
                  | [demonic ancestry]
  3804 | D:4      | Reached XP level 5. HP: 37/37 MP: 7/11
  4459 | D:4      | Reached skill level 5 in Spellcasting
  4485 | D:4      | Reached skill level 1 in Dodging
  4485 | D:4      | Gained mutation: You are partially covered in razor-sharp
                  | scales. (AC +1, Slay +1) [demonic ancestry]
  4485 | D:4      | Reached XP level 6. HP: 30/43 MP: 13/13
  4770 | D:4      | Found a white marble altar of Elyvilon.
  5046 | D:4      | Found a hide-covered altar of Uskayaw.
  5175 | D:4      | Found a staircase to the Ecumenical Temple.
  5184 | Temple   | Entered the Ecumenical Temple
  5258 | Temple   | Upgraded the game from 0.26.0-8-g74fc34ddfb to
                  | 0.26.0-10-g1f06aea511
  5355 | D:5      | Entered Level 5 of the Dungeon
  5861 | D:5      | Found a blossoming altar of Fedhas.
  5930 | D:5      | Reached skill level 2 in Dodging
  6153 | D:5      | Reached XP level 7. HP: 33/48 MP: 8/16
  6281 | D:5      | Reached skill level 3 in Dodging
  6916 | D:6      | Reached skill level 4 in Dodging
  7163 | D:6      | Gained mutation: You expend magic power (3 MP) to
                  | strengthen your wands. [potion of mutation]
  7163 | D:6      | Gained mutation: You possess an exceptional clarity of
                  | mind. [potion of mutation]
  7163 | D:6      | Gained mutation: Your muscles are strong. (Str +2) [potion
                  | of mutation]
  7216 | D:6      | Noticed Grinder
  7220 | D:6      | Reached skill level 5 in Dodging
  7246 | D:6      | Killed Grinder
  7247 | D:6      | Reached skill level 6 in Dodging
  7247 | D:6      | Reached XP level 8. HP: 25/54 MP: 14/17
  7801 | D:6      | Reached skill level 1 in Long Blades
  7830 | D:6      | Noticed Edmund
  7843 | D:6      | Killed Edmund
  7939 | D:6      | Noticed Eustachio
  7964 | D:6      | Killed Eustachio
  7965 | D:6      | Reached skill level 7 in Dodging
  8032 | D:6      | Noticed Blork the orc
  8042 | D:6      | Killed Blork the orc
  8272 | D:6      | Found a runed translucent gate.
  8272 | D:6      | Found a runed translucent gate.
  8272 | D:6      | Found a runed translucent gate.
  8278 | D:6      | Noticed topfpfpflanze's ghost (amateur DECj)
  8305 | D:6      | Reached XP level 9. HP: 30/63 MP: 10/18
  8398 | D:6      | Killed topfpfpflanze's ghost
  8399 | D:6      | Reached skill level 8 in Dodging
  9295 | D:7      | Reached skill level 9 in Dodging
  9455 | D:7      | Found a shimmering altar of Xom.
  9894 | D:8      | Reached skill level 10 in Dodging
 10197 | D:8      | Noticed a death knight
 10201 | D:8      | Noticed a skeletal warrior
 10206 | D:8      | Noticed a phantasmal warrior
 10327 | D:9      | Noticed a four-headed hydra
 10341 | D:9      | Killed a one-headed hydra
 10342 | D:9      | Gained mutation: You have hoof-like feet. [demonic
                  | ancestry]
 10342 | D:9      | Reached XP level 10. HP: 55/71 MP: 17/19
 10779 | D:9      | Reached skill level 5 in Fighting
 10882 | D:9      | Noticed a two-headed ogre
 10899 | D:9      | Killed a two-headed ogre
 10900 | D:9      | Reached skill level 5 in Long Blades
 10900 | D:9      | Reached skill level 11 in Dodging
 11172 | D:9      | Found a shimmering blue altar of Sif Muna.
 11538 | D:8      | Killed a phantasmal warrior
 11573 | D:9      | Slain by a freezing wraith

Illustrated notes

Levels and vault maps discovered:
D:1:      evilmike_arrival_plus, layout_loops_cross, serial_forest,
          infiniplex_forest_straight_2, infiniplex_forest_lined_room_,
          infiniplex_forest_end_3, infiniplex_forest_zigzag_1,
          infiniplex_forest_lined_3_way, infiniplex_forest_zigzag_1
D:2:      layout_rooms, riverfiend_overflow_shadow_ancestor, bloody_makhleb
D:3:      kennysheep_big_flooded_room, layout_basic, grunt_temple_overflow_open,
          trog_three_pillars_becter
D:4:      layout_basic, elyvilon_altar_5, overflow_temple_1_default,
          minmay_temple_entry_poolview
D:5:      layout_basic, kennysheep_mini, serial_bayou_pond_e
D:6:      layout_cave_pods, gammafunk_ghost_necromancy, lightli_orcish_oven,
          uniq_eustachio, uniq_blork_the_orc, uniq_edmund, uniq_grinder
D:7:      layout_loops_ring, xom_butterflies
D:8:      layout_cave_pools
D:9:      layout_roguey, small_chamber_with_monster, lemuel_altar_in_water
Temple:   compressed_dpeg_circular_temple

Skill      XL: |  1  2  3  4  5  6  7  8  9 10 |
---------------+-------------------------------+-----
Throwing       | 2 |  2.0
Ice Magic      | 1 2 |  2.0
Spellcasting   | 3 4 5 6 |  6.0
Dodging        | 1 2 6 7 10 11 | 11.7
Long Blades    | 3 5 |  5.0
Fighting       | 3 4 5 |  5.0
Axes           | |  1.0
Armour         | |  1.0
Translocations | |  1.0
Poison Magic   | |  2.0

Action                   |  1- 3 |  4- 6 |  7- 9 | 10-12 || total
-------------------------+-------+-------+-------+-------++-------
Melee: Club              |    20 |       |       |       ||    20
       Short sword       |    69 |    73 |       |       ||   142
       Kick              |     5 |    33 |    54 |    25 ||   117
       Dagger            |       |    59 |    60 |       ||   119
       Great sword       |       |       |   119 |    48 ||   167
       War axe           |       |       |    10 |       ||    10
Throw: Stone             |     6 |    13 |       |       ||    19
       Boomerang         |       |     5 |    95 |    14 ||   114
 Cast: Freeze            |    16 |       |       |     2 ||    18
       Sting             |    13 |     4 |    19 |     5 ||    41
       Frozen Ramparts   |     4 |    26 |    55 |    10 ||    95
Evoke: Wand              |       |       |     1 |     4 ||     5
       Lightning rod     |       |       |       |     4 ||     4
  Use: Scroll            |       |     8 |     6 |       ||    14
       Potion            |       |       |     4 |     3 ||     7
 Stab: Sleeping          |     1 |       |       |     1 ||     2
       Distracted        |       |       |     1 |       ||     1
Armor: Robe              |    16 |    30 |    11 |     1 ||    58
Dodge: Dodged            |    39 |    86 |   172 |    49 ||   346
Block: Other             |       |       |    35 |    23 ||    58
       Reflection        |       |       |       |     5 ||     5
       Rpst.: Great sword |       |       |    46 |    12 ||    58
